 Dungeon Crawl Stone Soup version 0.19-a0-1786-g230130f (webtiles) character file.

53637 Amnesiac the Lord of Darkness (level 14, -15/85 HPs)
             Began as a Mummy Wizard on Oct 3, 2016.
             Was the Champion of Kikubaaqudgha.
             Killed from afar by a rime drake (25 damage)
             ... with a flash freeze
             ... on level 6 of the Lair of Beasts.
             The game lasted 01:08:55 (26727 turns).

Amnesiac the Lord of Darkness (Mummy Wizard)       Turns: 26727, Time: 01:08:56

Health: -15/85     AC:  8    Str: 11    XL:     14   Next: 31%
Magic:  20/33      EV: 14    Int: 18    God:    Kikubaaqudgha [******]
Gold:   1139       SH: 10    Dex: 14    Spells: 13 memorised, 7 levels left

rFire  . . .     SeeInvis .     J - +6 scimitar "Fuott" {flame, rPois}
rCold  . . .     Gourm    .     i - +1 robe {MR+}
rNeg   + + +     Faith    .     y - +0 buckler
rPois  ∞         Spirit   .     G - +0 helmet
rElec  .         Dismiss  .     h - +2 cloak
rCorr  .         Reflect  +     (no gloves)
MR     ++...     Harm     .     q - +0 pair of boots
Stlth  ++........               E - +6 amulet of reflection
                                v - ring of stealth
                                e - ring of fire

@: heavily drained
A: no food or potions, fire vulnerability, cold resistance 1, negative energy
resistance 3, torment resistance, unbreathing, in touch with death 1
a: Receive Corpses, Torment, Renounce Religion


You were on level 6 of the Lair of Beasts.
You worshipped Kikubaaqudgha.
Kikubaaqudgha was exalted by your worship.
You were not hungry.

You visited 4 branches of the dungeon, and saw 19 of its levels.
You also visited: Ossuary and Ice Cave.

You collected 1139 gold pieces.

Inventory:

Hand Weapons
 p - the +6 falchion "Xonama" {drain, *Drain rF+ rC+++ MR+++}
   (You found it on level 6 of the Dungeon)

   A truly terrible weapon, it drains the life of those it strikes.
   It protects you from fire.
   It renders you almost immune to cold.
   It affects your resistance to hostile enchantments.
   It causes draining when unequipped.
 I - a +2 long sword of venom
 J - the +6 scimitar "Fuott" (weapon) {flame, rPois}
   (You found it on level 6 of the Lair of Beasts)

   It has been specially enchanted to burn those struck by it, causing extra
   injury to most foes and up to half again as much damage against particularly
   susceptible opponents.
   Big, fiery blades are also staple armaments of hydra-hunters.
   It protects you from poison.
Missiles
 d - 8 throwing nets (quivered)
Armour
 h - a +2 cloak (worn)
 i - a +1 robe of magic resistance (worn)
 q - a +0 pair of boots (worn)
 y - a +0 buckler (worn)
 G - a +0 helmet (worn)
Jewellery
 e - a ring of fire (left hand)
 v - a ring of stealth (right hand)
 E - a +6 amulet of reflection (around neck)
Wands
 b - a wand of disintegration (12/24)
 f - a wand of digging (15/24)
 j - a wand of disintegration (19/24)
 m - a wand of disintegration (9/24)
 z - a wand of polymorph (9/24)
 C - a wand of lightning (12/15)
 F - a wand of acid (6/15)
Scrolls
 a - a scroll of fog
 c - 2 scrolls of vulnerability
 g - 3 scrolls of blinking
 k - 6 scrolls of teleportation
 o - a scroll of torment
 s - 9 scrolls of enchant weapon
 u - a scroll of recharging
 x - 5 scrolls of remove curse
 A - a scroll of magic mapping
 B - 3 scrolls of identify
 H - 2 scrolls of enchant armour
Books
 l - Kikubaaqudgha's Disquisition on Dark Secrets
   (Kikubaaqudgha gifted it to you on level 1 of the Dungeon)

   Spells                             Type                      Level
   a - Animate Skeleton               Necromancy                   1
   b - Pain                           Necromancy                   1
   c - Corpse Rot                     Necromancy                   2
   d - Vampiric Draining              Necromancy                   3
   e - Control Undead                 Necromancy                   4
 n - Kikubaaqudgha's Collected Works on Unholy Arts
   (Kikubaaqudgha gifted it to you on level 7 of the Dungeon)

   Spells                             Type                      Level
   a - Agony                          Necromancy                   5
   b - Cigotuvi's Embrace             Necromancy                   5
   c - Dispel Undead                  Necromancy                   5
   d - Simulacrum                     Ice/Necromancy               6
   e - Death Channel                  Necromancy                   6
 D - a Necronomicon

   Spells                             Type                      Level
   a - Haunt                          Necromancy/Summoning         7
   b - Borgnjor's Revivification      Necromancy                   8
   c - Death's Door                   Charms/Necromancy            8
   d - Infestation                    Necromancy                   8
   e - Necromutation                  Transmutation/Necromancy     8
Miscellaneous
 r - a phantom mirror


   Skills:
 - Level 6.3(4.9) Dodging
 - Level 1.5(0.3) Stealth
 - Level 4.0(2.7) Shields
 + Level 15.0(13.3) Spellcasting
 - Level 0.7(0.0) Conjurations
 - Level 0.7(0.0) Summonings
 * Level 16.1(14.3) Necromancy
 - Level 0.7(0.0) Translocations


You had 7 spell levels left.
You knew the following spells:

 Your Spells              Type           Power        Failure   Level  Hunger
a - Repel Missiles        Chrm/Air       ##....       12%         2    N/A
b - Blink                 Tloc           N/A          12%         2    N/A
c - Corpse Rot            Necr           N/A          1%          2    N/A
d - Call Imp              Summ           ##......     12%         2    N/A
e - Mephitic Cloud        Conj/Pois/Air  ##......     21%         3    N/A
f - Vampiric Draining     Necr           #######...   1%          3    N/A
g - Magic Dart            Conj           ##..         10%         1    N/A
h - Simulacrum            Ice/Necr       ######....   54%         6    N/A
q - Agony                 Necr           #######.     1%          5    N/A
s - Conjure Flame         Conj/Fire      ###.....     21%         3    N/A
w - Dispel Undead         Necr           #######.     1%          5    N/A
x - Animate Skeleton      Necr           N/A          1%          1    N/A
z - Pain                  Necr           ####         1%          1    N/A

Dungeon Overview and Level Annotations

Branches:
Dungeon (11/15)            Temple (1/1) D:4            Lair (6/6) D:11
 Shoals (0/4) Lair:2        Snake (0/4) Lair:3        Slime (0/5) Lair:6
    Orc (1/2) D:11

Altars:
Ashenzari
Cheibriados
Dithmenos
Elyvilon
Fedhas
Gozag
Hepliaklqana
Kikubaaqudgha
Makhleb
Nemelex Xobeh
Okawaru
Qazlal
Ru
Sif Muna
Uskayaw
Vehumet
Xom
Yredelemnul
Zin
The Shining One
Jiyva

Shops:
Orc:1 ?

Annotations:
D:7 exclusion: cyclops


Innate Abilities, Weirdness & Mutations

You do not eat or drink.
Your flesh is vulnerable to fire.
You are immune to poison.
Your flesh is cold resistant. (rC+)
You are immune to negative energy. (rN+++)
You are immune to unholy pain and torment.
You can survive without breathing.
You are in touch with the powers of death.


Message History

The rime drake is heavily wounded.
The eight-headed hydra roars!
You block the rime drake's attack.
You slash the rime drake! You burn the rime drake.
The rime drake is severely wounded.
The eight-headed hydra bites you!
You block the eight-headed hydra's attack.
The eight-headed hydra bites you.
The eight-headed hydra closely misses you.
The eight-headed hydra bites you! x2
* * * LOW HITPOINT WARNING * * *
The eight-headed hydra bites you.
* * * LOW HITPOINT WARNING * * *
The eight-headed hydra bites you!
* * * LOW HITPOINT WARNING * * *
Found 25 gold pieces.
The rime drake breathes ice at you. The flash freeze hits you!
You die...
Kikubaaqudgha rasps: "You have failed me!
Welcome... oblivion!"

..♣.♣♣..........♣......♣♣.....#.#
...............................##
.###............###.....##...###
## #...###...#..# #..<..#..P.# #
##.####..#..####...#.##..## #
#....#..#######.........P#
...#.........####.....P....P#
.............#..#.....P..####
.#.#####......D@...<....# #.
#[##..#..##.#.k...#
###..#.##.###.....## #....#
####.#....# ##P.#.###..#.##..##
#...........k....#
###...##..#...P###
#...P.#.#.##.P# ##.......## ..#


You could see an eight-headed hydra and a rime drake.

Vanquished Creatures
  A frost giant (IceCv)
  The ghost of Jano the Geomancer, a journeyman DDEE of Makhleb (IceCv)
  4 hydras
  Erica (D:8)
  The ghost of Amnesiac the Thrower, a novice OgHu (D:8)
  2 death yaks
  A wizard (Lair:6)
  3 hill giants
  An orc sorcerer (Orc:1)
  5 black mambas
  Maurice (D:8)
  18 elephants
  4 spiny frogs
  An ice statue (IceCv)
  A gargoyle (D:11)
  3 orange demons (Lair:6)
  2 torpor snails (Lair:4)
  2 rime drakes
  A centaur skeleton (D:11)
  7 komodo dragons
  Prince Ribbit (D:5)
  14 polar bears (IceCv)
  Grinder (D:5)
  23 blink frogs
  A hornet (D:11)
  10 hippogriffs
  10 dream sheep
  45 yaks
  Menkaure (D:4)
  Grum (D:8)
  2 nagas (Lair:3)
  Edmund (D:5)
  2 hell hounds (Lair:6)
  A soldier ant (D:11)
  11 water moccasins
  3 porcupines
  4 orc warriors
  4 sky beasts
  A black bear (D:10)
  10 ice beasts
  2 phantoms (D:8)
  An eye of draining (D:11)
  A necrophage (D:10)
  9 ogres
  27 wolves
  14 crocodiles
  2 big kobolds
  14 bullfrogs
  A wyvern zombie (D:9)
  6 scorpions
  10 killer bees
  2 crimson imps
  5 hounds
  3 centaur zombies
  Crazy Yiuf (D:6)
  A bullfrog zombie (D:8)
  5 jellies
  6 orc priests
  7 orc wizards
  A bullfrog skeleton (D:4)
  9 iguanas
  9 worker ants
  2 big kobold zombies (Ossuary)
  2 mummies (Ossuary)
  A worker ant zombie (D:11)
  3 gnolls (D:5)
  9 adders
  30 river rats
  3 shadow imps
  5 oozes
  An adder zombie (D:7)
  An adder skeleton (D:6)
  3 worms (D:2)
  2 dart slugs
  4 leopard geckos
  33 orcs
  4 bats
  4 giant cockroaches
  7 goblins
  3 hobgoblins
  6 jackals
  15 kobolds
  8 quokkas
  4 ball pythons
  11 frilled lizards
  A goblin zombie (D:4)
  5 hobgoblin zombies (Ossuary)
  2 jackal skeletons
  A leopard gecko skeleton (D:6)
  An orc zombie (D:4)
  7 rats
520 creatures vanquished.

Vanquished Creatures (collateral kills)
  A hippogriff (Lair:3)
  A water moccasin (Lair:3)
  A howler monkey (D:4)
  3 crimson imps
  A hound (D:4)
  An iguana (D:4)
  2 mummies
  An adder (D:2)
  9 river rats (Lair:1)
  An orc (D:4)
  2 jackals (D:4)
23 creatures vanquished.

Vanquished Creatures (others)
  A mummy (Ossuary)
  34 fungi
  18 plants
53 creatures vanquished.

Grand Total: 596 creatures vanquished

Notes
Turn   | Place    | Note
-------+----------+-------------------------------------------
     0 | D:1      | Amnesiac the Mummy Wizard began the quest for the Orb.
     0 | D:1      | Reached XP level 1. HP: 13/13 MP: 4/4
   230 | D:1      | Reached XP level 2. HP: 19/19 MP: 4/6
   240 | D:1      | Learned a level 2 spell: Call Imp
   834 | D:3      | Found a hide-covered altar of Uskayaw.
   834 | D:3      | Found a glowing silver altar of Zin.
   975 | D:4      | Reached XP level 3. HP: 21/24 MP: 1/8
  1089 | D:4      | Learned a level 3 spell: Conjure Flame
  1093 | D:4      | Learned a level 3 spell: Mephitic Cloud
  1187 | D:4      | Reached XP level 4. HP: 19/30 MP: 1/10
  1191 | D:4      | Learned a level 2 spell: Repel Missiles
  1288 | D:4      | Found a staircase to the Ecumenical Temple.
  1297 | Temple   | Entered the Ecumenical Temple
  1316 | Temple   | Became a worshipper of Kikubaaqudgha
  1503 | D:4      | Found a sand-covered staircase.
  1521 | Ossuary  | Entered an ossuary
  1563 | Ossuary  | Reached skill level 5 in Spellcasting
  1872 | Ossuary  | Reached XP level 5. HP: 27/35 MP: 2/12
  1876 | Ossuary  | Learned a level 2 spell: Blink
  2614 | D:4      | Found a white marble altar of Elyvilon.
  2931 | D:1      | Reached skill level 1 in Necromancy
  2937 | D:1      | Reached * piety under Kikubaaqudgha
  2937 | D:1      | Identified Kikubaaqudgha's Disquisition on Dark Secrets (Kikubaaqudgha gifted it to you on level 1 of the Dungeon)
  2937 | D:1      | Received a gift from Kikubaaqudgha
  2941 | D:1      | Learned a level 1 spell: Pain
  4669 | D:2      | Reached XP level 6. HP: 41/41 MP: 13/15
  4801 | D:3      | Learned a level 3 spell: Vampiric Draining
  5145 | D:3      | Reached skill level 2 in Necromancy
  5264 | D:3      | Found a deep blue altar of Sif Muna.
  5878 | D:3      | Reached skill level 3 in Necromancy
  6373 | D:4      | Reached skill level 4 in Necromancy
  6600 | D:4      | Reached XP level 7. HP: 44/46 MP: 9/16
  6941 | D:4      | Reached skill level 5 in Necromancy
  7031 | D:5      | Entered Level 5 of the Dungeon
  7444 | D:5      | Noticed Menkaure
  7531 | D:5      | Noticed Grinder
  7556 | D:5      | Reached ** piety under Kikubaaqudgha
  7556 | D:5      | Reached skill level 6 in Necromancy
  7855 | D:5      | Noticed Edmund
  7872 | D:5      | Killed Edmund
  8119 | D:5      | Reached skill level 7 in Necromancy
  8208 | D:5      | Reached XP level 8. HP: 52/52 MP: 3/17
  8406 | D:5      | Reached skill level 8 in Necromancy
  8494 | D:5      | Noticed Prince Ribbit
  8661 | D:5      | Killed Prince Ribbit
  8867 | D:6      | Found a sacrificial altar of Ru.
  9422 | D:6      | Got a translucent falchion
  9424 | D:6      | Identified the +6 falchion "Xonama" {drain, *Drain rF+ rC+++ MR+++} (You found it on level 6 of the Dungeon)
  9691 | D:6      | Found a runed door.
  9797 | D:6      | Noticed Crazy Yiuf
  9804 | D:6      | Killed Crazy Yiuf
  9836 | D:7      | Noticed a hippogriff
  9880 | D:7      | Killed a hippogriff
  9880 | D:7      | Reached XP level 9. HP: 48/57 MP: 18/21
  9899 | D:7      | Reached *** piety under Kikubaaqudgha
  9899 | D:7      | Identified Kikubaaqudgha's Collected Works on Unholy Arts (Kikubaaqudgha gifted it to you on level 7 of the Dungeon)
  9899 | D:7      | Received a gift from Kikubaaqudgha
  9921 | D:7      | Learned a level 5 spell: Dispel Undead
 10077 | D:4      | Killed Menkaure
 10102 | D:5      | Learned a level 1 spell: Animate Skeleton
 10117 | D:5      | Killed Grinder
 10117 | D:5      | Reached skill level 9 in Necromancy
 10405 | D:7      | Noticed a cyclops
 10841 | D:8      | Found a radiant altar of Vehumet.
 10930 | D:8      | Noticed Erica
 10942 | D:8      | Killed Erica
 10942 | D:8      | Reached skill level 10 in Spellcasting
 10942 | D:8      | Reached skill level 10 in Necromancy
 10942 | D:8      | Reached XP level 10. HP: 52/63 MP: 11/24
 10955 | D:8      | Reached **** piety under Kikubaaqudgha
 10988 | D:8      | Noticed Grum
 11212 | D:8      | Learned a level 5 spell: Agony
 11228 | D:8      | Noticed Amnesiac's ghost (novice OgHu)
 11232 | D:8      | Killed Amnesiac's ghost
 11232 | D:8      | Reached skill level 11 in Necromancy
 11391 | D:8      | Killed Grum
 11442 | D:8      | Noticed Maurice
 11464 | D:8      | Killed Maurice
 11901 | D:9      | Reached skill level 12 in Necromancy
 12314 | D:9      | Found a hazy altar of Hepliaklqana.
 12551 | D:10     | Entered Level 10 of the Dungeon
 12813 | D:10     | Noticed a hill giant
 12820 | D:10     | Killed a hill giant
 12820 | D:10     | Reached skill level 13 in Necromancy
 12820 | D:10     | Reached XP level 11. HP: 58/68 MP: 13/25
 12831 | D:10     | Learned a level 2 spell: Corpse Rot
 13389 | D:10     | Noticed a hill giant
 13394 | D:10     | Killed a hill giant
 13864 | D:11     | Reached skill level 14 in Necromancy
 14028 | D:11     | Noticed a hill giant
 14058 | D:11     | Killed a hill giant
 14377 | D:11     | Found a staircase to the Lair.
 14381 | D:11     | Found a frozen archway.
 14455 | IceCv    | Entered an ice cave
 14757 | IceCv    | Reached ***** piety under Kikubaaqudgha
 15460 | IceCv    | Reached XP level 12. HP: 53/74 MP: 20/28
 16808 | IceCv    | Noticed Jano's ghost (journeyman DDEE)
 16813 | IceCv    | Killed Jano's ghost
 16917 | IceCv    | Noticed a frost giant
 17091 | IceCv    | Killed a frost giant
 17301 | D:11     | Learned a level 6 spell: Simulacrum
 17357 | D:11     | Found a staircase to the Orcish Mines.
 17730 | Orc:1    | Entered Level 1 of the Orcish Mines
 17916 | Orc:1    | Found Dyeror's Magic Scroll Shoppe.
 17934 | Orc:1    | Noticed an orc warlord
 18252 | Lair:1   | Entered Level 1 of the Lair of Beasts
 18282 | Lair:1   | Found an opulent altar of Gozag.
 19229 | Lair:2   | Reached skill level 1 in Shields
 19591 | Lair:2   | Found a staircase to the Shoals.
 19976 | Lair:3   | Found a staircase to the Snake Pit.
 20393 | Lair:3   | Got a polished scale mail
 20512 | Lair:4   | Gained mutation: You are in touch with the powers of death. [Mummy growth]
 20512 | Lair:4   | Reached XP level 13. HP: 11/79 MP: 21/31
 20512 | Lair:4   | HP: 3/79 [blink frog (14)]
 20551 | Lair:3   | Identified the cursed +0 scale mail of the Tired Tales {rPois MP-9 Dex+3 SInv} (You found it on level 3 of the Lair of Beasts)
 22223 | Lair:4   | Reached ****** piety under Kikubaaqudgha
 22227 | Lair:4   | Reached skill level 5 in Dodging
 22744 | Lair:4   | Received a gift from Kikubaaqudgha
 23237 | Lair:5   | HP: 2/79 [komodo dragon (25)]
 23807 | Lair:5   | Reached skill level 15 in Necromancy
 24665 | Lair:6   | Entered Level 6 of the Lair of Beasts
 25193 | Lair:5   | Reached XP level 14. HP: 81/85 MP: 12/32
 25360 | Lair:6   | Found a viscous altar of Jiyva.
 25360 | Lair:6   | Found a staircase to the Slime Pits.
 25530 | Lair:6   | Got a shimmering scale mail
 25541 | Lair:6   | Identified the +4 scale mail of the Bruised Planets {MR++ Regen+ rCorr Dex-2} (You found it on level 6 of the Lair of Beasts)
 26029 | Lair:6   | Reached skill level 15 in Spellcasting
 26065 | Lair:6   | Reached skill level 16 in Necromancy
 26456 | Lair:6   | Got a dazzling scimitar
 26457 | Lair:6   | Identified the +6 scimitar "Fuott" {flame, rPois} (You found it on level 6 of the Lair of Beasts)
 26727 | Lair:6   | Killed from afar by a rime drake

Vault maps used:
D:1:      minmay_arrival_stair_chambers
D:2:      first_bread, minmay_pentomino_s2
D:3:      wad_lake_hut, gammafunk_temple_overflow_statue, led_sif_book
D:4:      nicolae_overflow_hidden_temple, nicolae_ossuary_entry_giza
D:5:      st_stairs_12, hangedman_abyss_or_decor_stagger, uniq_menkaure,
          uniq_grinder, uniq_prince_ribbit1, uniq_edmund
D:6:      overflow_temple_1_default, uniq_crazy_yiuf_cottage
D:8:      lemuel_doored_altar, uniq_grum, uniq_maurice, uniq_erica
D:9:      lemuel_round_altar, grunt_ogre_cave
D:10:     hangedman_decor_slide_cut
D:11:     david_lair_generic, orc_0_dummy, portal_ice_cave_entry_ice_beasts
Temple:   zaba_magenta_temple
Lair:1:   basic_altar, st_stairs_3
Lair:2:   shoals_dummy_entry
Lair:3:   guppyfry_snake_entry_island
Lair:4:   grunt_megastairs_1
Lair:5:   grunt_megastairs_4, lemuel_fruit_fields
Lair:6:   evil_forest, slime_altar_1, nicolae_quartered_pool_medium
Orc:1:    serial_shops, nicolae_shop_waterfront, statue_in_the_mist_lemuel
Ossuary:  ossuary_the_hunt_dpeg
IceCv:    ice_cave_caverns_01

Skill      XL: |  1  2  3  4  5  6  7  8  9 10 11 12 13 14 |
---------------+-------------------------------------------+-----
Spellcasting   | 4 5 6 8 10 12 14 15 | 15.0
Necromancy     | 1 4 7 8 10 13 14 15 16 | 16.1
Shields        | 3 4 |  4.0
Dodging        | 6 |  6.3
Stealth        | |  1.5
Conjurations   | |  0.7
Summonings     | |  0.7
Translocations | |  0.7

Action                   |  1- 3 |  4- 6 |  7- 9 | 10-12 | 13-15 || total
-------------------------+-------+-------+-------+-------+-------++-------
Melee: Unarmed           |     9 |       |       |       |       ||     9
       Dagger            |     4 |    57 |       |       |       ||    61
       Long sword        |       |    14 |    45 |       |     7 ||    66
       Falchion          |       |       |   117 |   630 |   552 ||  1299
       Scimitar          |       |       |       |       |    17 ||    17
 Cast: Magic Dart        |    47 |    70 |     2 |       |       ||   119
       Call Imp          |     6 |    11 |     5 |     6 |       ||    28
       Conjure Flame     |       |     7 |    14 |    48 |    23 ||    92
       Repel Missiles    |       |     1 |       |     1 |       ||     2
       Pain              |       |   186 |   174 |    20 |     1 ||   381
       Vampiric Draining |       |       |    21 |   136 |   190 ||   347
       Blink             |       |       |     2 |     1 |     5 ||     8
       Dispel Undead     |       |       |     4 |    11 |       ||    15
       Agony             |       |       |       |    23 |    17 ||    40
       Animate Skeleton  |       |       |       |    23 |       ||    23
       Mephitic Cloud    |       |       |       |     1 |     6 ||     7
Invok: Receive Necronomi |       |       |       |       |     1 ||     1
Evoke: Wand              |       |       |       |    30 |       ||    30
  Use: Scroll            |     1 |     2 |    11 |    10 |     5 ||    29
 Stab: Held in net/web   |       |     2 |       |       |       ||     2
       Distracted        |       |     2 |       |     1 |       ||     3
       Sleeping          |       |       |     3 |     7 |     4 ||    14
       Confused          |       |       |       |       |     1 ||     1
Armor: Robe              |    20 |    38 |    93 |   275 |   177 ||   603
Dodge: Dodged            |    43 |    78 |   150 |   450 |   502 ||  1223
       Deflected         |       |     4 |       |     3 |       ||     7
Block: Other             |       |       |       |    73 |       ||    73
       Buckler           |       |       |       |    27 |   448 ||   475
       Reflection        |       |       |       |     2 |     1 ||     3
       Rpst.: Long sword |       |    16 |    13 |       |     3 ||    32
       Falchion          |       |       |    23 |   119 |   136 ||   278
       Scimitar          |       |       |       |       |     4 ||     4
